 Dungeon Crawl Stone Soup version 0.27.1 (webtiles) character file.

Game seed: 17948287492493747514

128 ZARRMARR the Chopper (level 5, -6/48 HPs)
             Began as a Hill Orc Monk on Aug 28, 2021.
             Mangled by an ogre (12 damage)
             ... on level 4 of the Dungeon.
             The game lasted 00:09:39 (3593 turns).

ZARRMARR the Chopper (Hill Orc Monk)                Turns: 3593, Time: 00:09:40

Health: -6/48      AC: 11    Str: 12 (14) XL:     5   Next: 12%
Magic:  5/5        EV:  3    Int:  9 (10) God:
Gold:   230        SH:  0    Dex: 13 (14) Spells: 4/4 levels left

rFire    . . .     SeeInvis .   a - +0 hand axe
rCold    . . .     Faith    .   (no shield)
rNeg     . . .     Spirit   .   c - +0 plate armour
rPois    .         Reflect  .   (no helmet)
rElec    .         Harm     .   (no cloak)
rCorr    .         Rampage  .   (no gloves)
Will     .....                  (no boots)
Stlth    ..........             (no amulet)
HPRegen  0.16/turn              (no ring)
MPRegen  0.09/turn              (no ring)

@: confused, ambrosia-drunk
A: no striking features
a: no special abilities


You were on level 4 of the Dungeon.
You visited 1 branch of the dungeon, and saw 4 of its levels.

You collected 230 gold pieces.

Inventory:

Hand Weapons
 a - a +0 hand axe (weapon)
Armour
 c - a +0 plate armour (worn)
Scrolls
 e - a scroll of magic mapping {unknown}
 f - 2 scrolls of vulnerability
 g - a scroll of immolation {unknown}
 j - a scroll of amnesia {unknown}
Potions
 b - 2 potions of curing
 d - 2 potions of degeneration
 k - a potion of lignification {unknown}


   Skills:
 + Level 5.0 Fighting
 + Level 5.6 Axes
 + Level 2.2 Armour
 - Level 2.4 Dodging
 - Level 1.5 Stealth


You had 4 spell levels left.
You didn't know any spells.
Your spell library contained the following spells:

 Spells                   Type           Power      Damage    Failure   Level
 Pain                     Necr           0%         1d4       100%        1
 Slow                     Hex            0%         N/A       100%        2
 Confusing Touch          Hex            0%         N/A       100%        3
 Agony                    Necr           0%         N/A       100%        5
 Excruciating Wounds      Necr           0%         N/A       100%        5
 Yara's Violent Unravell  Hex/Tmut       0%         3d3       100%        5


Dungeon Overview and Level Annotations

Branches:
Dungeon (4/15)
 Temple: D:4-7

Altars:
Gozag
Sif Muna

Shops:
D:3 !=


Message History

There is an open door here.
An ogre comes into view. It is wielding a +0 giant spiked club.
Throw: dart (poison)
Press: ? - help, Q - select action Shift-Dir - straight line, f - ogre
Aim: an ogre, wielding a +0 giant spiked club (74% to hit)
You throw a poisoned dart. The poisoned dart hits the ogre.
Unknown command.
Unknown command.
Press: ? - help, v - describe, . - travel
Here: an ogre, wielding a +0 giant spiked club The floor.
Found a stone staircase leading down.
You completely miss the ogre. The ogre hits you but does no damage.
You hit the ogre.
The ogre is lightly wounded.
The ogre hits you with a +0 giant spiked club!
You hit the ogre.
The ogre is lightly wounded.
You hit the ogre.
The ogre is moderately wounded.
The ogre hits you with a +0 giant spiked club!
You hit the ogre.
The ogre is heavily wounded.
The ogre hits you with a +0 giant spiked club.
It was a potion of degeneration.
There was something very wrong with that liquid.
You feel weakened.
You feel dopey.
You feel clumsy.
The ogre hits you with a +0 giant spiked club!!
* * * LOW HITPOINT WARNING * * *
It was a potion of ambrosia.
You are confused.
You feel invigorated.
You're too confused to move!
The ogre hits you with a +0 giant spiked club.
The ogre hits you with a +0 giant spiked club!!
Ouch! That really hurt!
* * * LOW HITPOINT WARNING * * *
You're too confused to move!
The ogre hits you with a +0 giant spiked club!
You die...

#.......# #.# ##'##
##.#.###.# .# #.# .....#
#.# #####.#### .#.###
#.# #........#
.#.#####.## #.##...#.#
.#.......##.
######.#......####
.#########..>
#...##.##........# .#
#.....#O.......#.##.####
.#
#.(.....@.##.........#
##
#.....##########.###.#
##### #.# #.# #.# #.#
#.# #.# #.# #+# ### ####


You could see an ogre.

Vanquished Creatures
  3 adders (D:3)
  3 gnolls (D:2)
  A worm (D:2)
  A dart slug (D:4)
  4 endoplasms
  A giant cockroach (D:1)
  11 hobgoblins
  3 jackals
  3 quokkas
  7 ball pythons
  6 bats
  3 frilled lizards
  3 goblins
  12 kobolds
  7 rats
68 creatures vanquished.

Notes
Turn   | Place    | Note
-------+----------+-------------------------------------------
     0 | D:1      | ZARRMARR the Hill Orc Monk began the quest for the Orb.
     0 | D:1      | Reached XP level 1. HP: 19/19 MP: 1/1
   342 | D:1      | Reached XP level 2. HP: 15/27 MP: 2/2
   533 | D:1      | Found a faded altar of an unknown god.
   934 | D:1      | Reached XP level 3. HP: 27/34 MP: 3/3
  1530 | D:2      | Found a shimmering blue altar of Sif Muna.
  1815 | D:2      | Reached skill level 1 in Armour
  1966 | D:2      | Reached skill level 5 in Axes
  1966 | D:2      | Reached XP level 4. HP: 15/41 MP: 4/4
  2247 | D:3      | Found Resy's Distillery.
  2281 | D:3      | Found an opulent altar of Gozag.
  2282 | D:3      | Found an opulent altar of Gozag.
  2344 | D:3      | Found an opulent altar of Gozag.
  2364 | D:3      | Found an opulent altar of Gozag.
  2801 | D:3      | Found Xilin's Jewellery Emporium.
  2870 | D:3      | Reached skill level 5 in Fighting
  2870 | D:3      | Reached XP level 5. HP: 43/48 MP: 5/5
  3578 | D:4      | Noticed an ogre
  3592 | D:4      | HP: 1/48 [ogre (25)]
  3593 | D:4      | Mangled by an ogre

Illustrated notes

Levels and vault maps discovered:
D:1:      ncdulo_wetmaze, layout_basic, ebering_ecumenical_altar_box
D:2:      layout_basic, basic_altar
D:3:      layout_basic, nicolae_gozag_conspicuous_consumption, serial_shops,
          nicolae_diamond_shop, nicolae_square_shop, st_stairs_2
D:4:      layout_loops_corners, chequers_temple_overflow_minitemple,
          hangedman_decor_slide_cut, kennysheep_nub, nicolae_underground_beach

Skill      XL: |  1  2  3  4 |
---------------+-------------+-----
Fighting       | 4 5 |  5.0
Armour         | 1 2 |  2.2
Axes           | 5 |  5.6
Dodging        | |  2.4
Stealth        | |  1.5

Action                   |  1- 3 |  4- 6 || total
-------------------------+-------+-------++-------
Melee: Hand axe          |   135 |    83 ||   218
Throw: Dart              |       |    21 ||    21
  Use: Scroll            |     1 |     1 ||     2
       Potion            |       |     2 ||     2
 Stab: Sleeping          |     1 |       ||     1
Armor: Plate armour      |   100 |    65 ||   165
       Robe              |     5 |       ||     5
Dodge: Dodged            |    35 |    12 ||    47
